AoeStats
← Lord Laggington

Michi

514892854Analyzed
1v1 RM · 17d ago on Oct 19, 2026· 47m 32s· 2 players
Game mode
Random Map
Map size
Tiny (2 player)
Population
200
Speed
Normal
Resources
Standard
Victory
Conquest
Starting age
Dark Age
Ending age
Imperial Age
RankedLock teamsTeams togetherTeam positionsShared explorationLock speedFull tech treeHidden civsTurbo modeCheats
Victory
Defeat
🇩🇪 Bohemians · Germany
815
+16
vs
🇪🇸 Vietnamese · Spain
808
-16
nilcot2
8:36 Feudal Age
10:27 Horse Collar
10:34 Double-Bit Axe
14:20 Castle Age
16:16 Bow Saw
16:11 Heavy Plow
18:08 Caravan
21:17 Gold Mining
21:32 Stone Mining
22:19 Loom
23:09 Wheelbarrow
22:19 Town Watch
24:11 Hand Cart
25:08 Town Patrol
30:42 Stone Shaft Mining
36:27 Imperial Age
34:53 Ballistics
34:45 Fortified Wall
34:31 Murder Holes
34:47 Masonry
34:17 Treadmill Crane
34:44 Padded Archer Armor
34:35 Fletching
36:28 Chatras
37:04 Leather Archer Armor
36:45 Bodkin Arrow
37:01 Forging
36:57 Scale Barding Armor
38:59 Paper Money
38:08 Elite Rattan Archer
39:23 Hoardings
38:19 Sappers
39:54 Chemistry
38:40 Arrowslits
39:03 Siege Engineers
39:40 Ring Archer Armor
39:11 Bracer
39:46 Iron Casting
39:57 Elite Skirmisher
40:42 Thumb Ring
40:00 Elite Battle Elephant
40:51 Bloodlines
40:41 Husbandry
40:05 Elite Fire Lancer
40:46 Squires
40:31 Arson
40:07 Pikeman
41:04 Onager
43:17 Imperial Skirmisher
45:49 Scale Barding Armor
45:44 Scale Mail Armor
46:09 Bombard Tower
48:01 Guilds
Lord Laggington
7:28 Loom
9:29 Feudal Age
13:43 Castle Age
11:53 Horse Collar
12:57 Double-Bit Axe
16:59 Wheelbarrow
16:11 Town Watch
17:06 Heavy Plow
19:49 Bow Saw
25:13 Hand Cart
27:12 Town Patrol
32:41 Imperial Age
33:51 Chemistry
33:12 Ballistics
33:04 Masonry
32:50 Murder Holes
33:50 Conscription
33:38 Wagenburg Tactics
32:55 Elite Hussite Wagon
33:01 Onager
35:41 Two-Man Saw
34:33 Houfnice
36:39 Sappers
38:30 Pikeman
39:11 Squires
39:16 Scale Mail Armor
39:26 Forging
39:11 Fletching
39:14 Arson
41:51 Siege Engineers
42:54 Halberdier
43:53 Chain Mail Armor
44:14 Iron Casting
43:35 Bodkin Arrow
45:56 Plate Mail Armor
46:01 Architecture
Connection lost

Rejoining the realm…

Still unreachable

The connection could not be restored.

Session expired

The server has moved on; the page needs a fresh start.